 Dungeon Crawl Stone Soup version 0.24-a0-366-gc1c896e988 (webtiles) character file.

Game seed: 7633525421425619844

53 D1HalberdGnoll the Caller (level 3, -1/20 HPs)
             Began as a Tengu Summoner on May 28, 2019.
             Slain by Grinder (9 damage)
             ... on level 3 of the Dungeon.
             The game lasted 00:03:33 (2843 turns).

D1HalberdGnoll the Caller (Tengu Summoner)          Turns: 2843, Time: 00:03:34

Health: -1/20      AC:  2    Str:  8    XL:     3   Next: 89%
Magic:  0/7        EV: 13    Int: 16    God:
Gold:   61         SH:  0    Dex: 14    Spells: 0/6 levels left

rFire    . . .     SeeInvis .   b - +0 whip
rCold    . . .     Gourm    .   (no shield)
rNeg     . . .     Faith    .   a - +0 robe
rPois    .         Spirit   .   (helmet restricted)
rElec    .         Reflect  .   (no cloak)
rCorr    .         Harm     .   (no gloves)
MR       .....                  (boots unavailable)
Stlth    ++........             (no amulet)
HPRegen  0.06/turn              (no ring)
MPRegen  0.10/turn              (no ring)

@: no status effects
A: beak, talons 3
a: no special abilities


You were on level 3 of the Dungeon.
You were hungry.

You visited 1 branch of the dungeon, and saw 3 of its levels.

You collected 61 gold pieces.

Inventory:

Hand Weapons
 b - a +0 whip (weapon)
Armour
 a - a +0 robe (worn)
Jewellery
 d - an uncursed ring of positive energy {unknown}
 f - an uncursed amulet of the acrobat {unknown}
 m - an uncursed ring of ice
 n - an uncursed amulet of the gourmand {unknown}
Wands
 p - a wand of clouds (2)
Scrolls
 e - 2 scrolls of immolation {unknown}
 g - a scroll of amnesia {unknown}
 h - a scroll of fog {unknown}
 i - 2 scrolls of identify {unknown}
 l - a scroll of teleportation {unknown}
Potions
 j - a potion of flight {unknown}
 o - 2 potions of degeneration {unknown}
 q - a potion of agility {unknown}
Comestibles
 c - 5 rations
 k - a chunk of flesh


   Skills:
 + Level 1.2 Fighting
 + Level 2.7 Dodging
 - Level 2.0 Stealth
 + Level 2.4 Spellcasting
 * Level 5.5 Summonings


You couldn't memorise any spells.
You knew the following spells:

 Your Spells              Type           Power        Failure   Level  Hunger
a - Summon Small Mammal   Summ           ###.         1%          1    #......
b - Call Imp              Summ           ###.....     3%          2    ###....
c - Call Canine Familiar  Summ           ###.....     6%          3    ###....

Your spell library contained the following spells:

 Spells                   Type           Power        Failure   Level  Hunger
 Summon Guardian Golem    Hex/Summ       ##......     19%         3    ###....
 Summon Ice Beast         Ice/Summ       ##......     54%         4    #####..
 Summon Lightning Spire   Summ/Air       ##......     54%         4    #####..


Dungeon Overview and Level Annotations

Branches:
Dungeon (3/15)

Altars:

Annotations:
D:3 Grinder


Innate Abilities, Weirdness & Mutations

You have a beak for a mouth.
You have claws for feet.


Message History

Your crimson imp says, "I'm here!"
You are feeling hungry.
Grinder blinks!
You completely miss Grinder. You claw Grinder.
Grinder is moderately wounded.
Grinder hits you.
You writhe in agony.
You closely miss Grinder. You claw Grinder. Your peck misses Grinder.
Grinder is heavily wounded.
Grinder gestures at you.
You barely resist.
Your crimson imp blinks!
Grinder hits you.
* * * LOW HITPOINT WARNING * * *
You writhe in agony.
* * * LOW HITPOINT WARNING * * *
Grinder blinks!
Casting: Call Imp (safe; 3% risk of failure)
Confirm with . or Enter, or press ? or * to list all spells.
Grinder hits you!
You die...

## ####..# #b5..# # # #@#
.#. #.# #.######. .# ###ยง#
#...<....
#.#####...######.## #
#.##..............# #.#
#.##.##5########..# #.#
#.##.##.# #..# #.#
##.##.##.########..#### #.#
#####...#.##.##...........#
#.#


You could see Grinder, a friendly crimson imp and a friendly bat.

Vanquished Creatures
  An ooze (D:1)
  A worm (D:2)
  A dart slug (D:1)
  A leopard gecko (D:1)
  A giant cockroach (D:2)
  2 goblins
  2 hobgoblins
  A quokka (D:2)
  A ball python (D:1)
  6 bats
  3 kobolds
20 creatures vanquished.

Vanquished Creatures (collateral kills)
  2 adders (D:2)
  A worm (D:2)
  2 dart slugs
  A leopard gecko (D:1)
  A giant cockroach (D:2)
  4 goblins
  2 hobgoblins (D:2)
  2 bats
  3 frilled lizards
  4 kobolds
  2 rats (D:1)
24 creatures vanquished.

Grand Total: 44 creatures vanquished

Notes
Turn   | Place    | Note
-------+----------+-------------------------------------------
     0 | D:1      | D1HalberdGnoll the Tengu Summoner began the quest for the
                  | Orb.
     0 | D:1      | Reached XP level 1. HP: 10/10 MP: 4/4
   282 | D:1      | Reached skill level 5 in Summonings
   282 | D:1      | Reached XP level 2. HP: 11/16 MP: 6/6
   405 | D:1      | Learned a level 2 spell: Call Imp
  1433 | D:1      | Reached XP level 3. HP: 20/20 MP: 7/7
  1438 | D:1      | Learned a level 3 spell: Call Canine Familiar
  1704 | D:2      | Reached skill level 1 in Fighting
  2798 | D:3      | Noticed Grinder
  2843 | D:3      | Slain by Grinder

Levels and vault maps discovered:
D:1:      dpeg_arrival_court, layout_loops_corners
D:2:      layout_basic, first_ration
D:3:      layout_loops_ring, minmay_misc_feat_tiny, kennysheep_generic_room_6,
          uniq_grinder, uniq_jessica

Skill      XL: |  1  2  3 |
---------------+----------+-----
Summonings     | 5 |  5.5
Fighting       | 1 |  1.2
Dodging        | |  2.7
Stealth        | |  2.0
Spellcasting   | |  2.4

Action                   || total
-------------------------++-------
Melee: Whip              ||    59
       Peck              ||     8
       Kick              ||    10
 Cast: Summon Small Mamm ||     9
       Call Imp          ||    17
       Call Canine Famil ||    10
Evoke: Wand              ||     1
 Stab: Sleeping          ||     2
  Eat: Chunk             ||     8
Armor: Robe              ||    23
Dodge: Dodged            ||    57

Table legend:
 A = Non-vault XP
 B = Vault XP
 C = Vault XP percentage of total XP
 D = Non-vault monster count
 E = Vault monster count
 F = Vault count percentage of total count
                 A         B        C        D         E       F
            +---------+---------+-------+---------+---------+-------
      Total |      77 |       0 |   0.0 |      44 |       0 |   0.0
            +---------+---------+-------+---------+---------+-------
        D:1 |      37 |       0 |   0.0 |      23 |       0 |   0.0
        D:2 |      35 |       0 |   0.0 |      16 |       0 |   0.0
        D:3 |       5 |       0 |   0.0 |       5 |       0 |   0.0
            +---------+---------+-------+---------+---------+-------
